Workbook
Name ASDF: #REF!
Name DWQ: #REF!
Name EQU: #REF!
Name EQUIPOS: #REF!
Name ESTACION: #REF!
Name ITEM: #REF!
Name ITEMS: #REF!
Name MAN: #REF!
Name MANO_DE_OBRA: #REF!
Name MARIO: #REF!
Name MAT: #REF!
Name MATERIALES: #REF!
Name PPTO: #REF!
Name TRA: #REF!
Name TRANSPORTE: #REF!

Sheet ESPECIFICACIONES
B2: ÍTEM | C2: UNIDAD DE MEDIDA | D2: ESPECIFICACIONES TÉCNICAS
B3: =VLOOKUP(ESPECIFICACIONES!D3,[1]ACTIV_EST!C:K,9,FALSE) -> 1.01. | C3: =VLOOKUP(ESPECIFICACIONES!D3,[1]ACTIV_EST!C:E,2,FALSE) -> M2 | D3: Replanteo
D4: Este ítem comprende los trabajos de replanteo necesarios para las obras de acuerdo a los planos.
D5: Todo el trabajo de replanteo será iniciado previa notificación a la Supervisión de Obra.
D6: Igualmente, comprende la realización de todas las pruebas necesarias para determinar la calidad y resistencia del terreno y su capacidad para soportar las cargas de diseño
D7: El Contratista proveerá todos los materiales, herramientas y equipo necesarios, tanto para el replanteo y trazado de las obras a ejecutarse como para los ensayos del terreno, totalmente estarán a su cargo los gastos que demanden los ensayos de materiales y de suelos, cuyo presupuesto será incluido en la propuesta del presente Ítem.
B8: =VLOOKUP(ESPECIFICACIONES!D8,[1]ACTIV_EST!C:K,9,FALSE) -> 1.02. | C8: =VLOOKUP(ESPECIFICACIONES!D8,[1]ACTIV_EST!C:E,2,FALSE) -> ML | D8: Cerramiento en alambre de púas 5 Hilos H=2.50 m
D9: Esta especificación se refiere al suministro e instalación de cinco hilos de alambre de púas retorcido. Fijando los hilos paralelos, estirados y templados.
D10: En los postes terminales el alambre de púas se envolverá alrededor del poste y se fijará con los ganchos de los postes existentes, doblando, anudando y apretando las puntas sueltas.
D11: Materiales: Alambre de púas: Fabricado en alambre de acero calidad mínima SAE 1008 - 1010 galvanizado en caliente, con dos (02) hilos, cada hilo de diámetro mínimo 2.50 mm (calibre 12) y esfuerzo de rotura mínimo de 290 Kgf/mm2, el alambre debe ser galvanizado bajo la norma NTC2076 con una densidad mínima del recubrimiento de zinc de 60 gr/m2. Para las púas, el alambre debe tener grupos de cuatro (04) púas fabricadas con dos hilos de alambre entrelazado, distancia entre grupos de cuatro (04) púas debe ser de mínimo 95 mm y máximo 135 mm (Medido desde la última púa hasta la primer púa de grupos consecutivos), las púas deben tener una longitud mínima de 10 mm y máximo de 15 mm.
B12: =VLOOKUP(ESPECIFICACIONES!D12,[1]ACTIV_EST!C:K,9,FALSE) -> 1.03. | C12: =VLOOKUP(ESPECIFICACIONES!D12,[1]ACTIV_EST!C:E,2,FALSE) -> M2 | D12: Cerca en tabla
D13: Ejecución de cerramientos provisionales y perimetrales para facilitar el control del predio y las labores de obra. El cerramiento deberá ser fácilmente desmontable para facilitar el ingreso de materiales.
D14: Los materiales sobrantes al momento de retirarlo, serán propiedad de la ENTIDAD.
D15: PROCEDIMIENTO DE EJECUCIÓN
D16: · Estudiar y aplicar normas distritales sobre manejo del espacio público.
D17: · Prever zonas de excavación y taludes
D18: · Estudiar alternativas de accesos vehiculares y peatonales.
D19: · Localizar accesos vehiculares y peatonales.
D20: · Realizar excavación manual para cimientos.
D21: · Fundir cimientos, armar base en mampostería y empotrar vara de clavo cada 3 metros.
D22: · Arriostrar las varas de clavo con perfil estructural calibre 19 en caso de necesidad.
D23: · Colocar las láminas trapes.
D24: · Instalar puertas peatonales.
D25: · Instalar puertas vehiculares desmontables
B26: =VLOOKUP(ESPECIFICACIONES!D26,[1]ACTIV_EST!C:K,9,FALSE) -> 1.04. | C26: =VLOOKUP(ESPECIFICACIONES!D26,[1]ACTIV_EST!C:E,2,FALSE) -> ML | D26: Cerca lamina base H: 2,25
D27: Ejecución de cerramientos provisionales y perimetrales para facilitar el control del predio y las labores de obra. El cerramiento deberá ser fácilmente desmontable para facilitar el ingreso de materiales.
D28: Los materiales sobrantes al momento de retirarlo, serán propiedad de la ENTIDAD.
D29: PROCEDIMIENTO DE EJECUCIÓN
D30: • Prever zonas de excavación y taludes
D31: • Estudiar alternativas de accesos vehiculares y peatonales.
D32: • Localizar accesos vehiculares y peatonales.
D33: • Realizar excavación manual para cimientos.
D34: • Fundir cimientos, armar base
D35: • Arriostrar perfil estructural
D36: • Colocar las láminas
D37: • Instalar puertas peatonales.
D38: • Instalar puertas vehiculares desmontables.
B39: =VLOOKUP(ESPECIFICACIONES!D39,[1]ACTIV_EST!C:K,9,FALSE) -> 1.05. | C39: =VLOOKUP(ESPECIFICACIONES!D39,[1]ACTIV_EST!C:E,2,FALSE) -> M3 | D39: Excavación Mecánica
D40: Comprende el retiro de toda la capa orgánica y vegetal, así como escombros, residuos, mezcla, etc. de la zona a intervenir demarcada en la localización arquitectónica del proyecto que se va a intervenir. Incluye el corte, carga y retiro de sobrantes.
D41: PROCEDIMIENTO DE EJECUCIÓN
D42: • Determinar el tipo de equipos mecánicos a emplear.
D43: • Determinar el espesor del descapote.
D44: • Antes de iniciar los trabajos en el área a intervenir o de rellenos en material seleccionado, el terreno natural se despojara de todos los elementos extraños tales como escombros, residuos, mezcla, etc.
D45: • La operación de descapote no se limitará a la solo remoción de la capa superficial, sino que incluirá además la extracción de todas las raíces, troncos y demás cuerpos que a concepto de la interventoría perjudiquen o estorbe el desarrollo de la construcción.
D46: • El manejo del material sobrante o no utilizable del descapote se hará de acuerdo a las
D47: indicaciones que proporcione el supervisor del contrato, conforme al Plan de Manejo Ambiental.
D48: • El material proveniente del descapote no podrá ser utilizado como material de relleno, su retiro se hará en volqueta fuera del terreno de la obra, el contratista será el responsable ante el Banco y las autoridades de la localidad por depositar basuras, escombros o tierras en sitios no permitidos y que sean causales de sanción, la ENTIDAD no se hará cargo en ningún caso de sanciones, multas y daños a terceros.
D49: • Cargar y retirar los sobrantes a botaderos debidamente autorizados.
B50: =VLOOKUP(ESPECIFICACIONES!D50,[1]ACTIV_EST!C:K,9,FALSE) -> 1.06. | C50: =VLOOKUP(ESPECIFICACIONES!D50,[1]ACTIV_EST!C:E,2,FALSE) -> M3 | D50: Excavación Manual
D51: Son movimiento de tierras en volúmenes pequeños y a poca profundidad, necesarios para la ejecución de zapatas, vigas de amarre, vigas de rigidez, muros de contención y otros. Por regla general, se realizan donde no es posible realizarlo por medios mecánicos. Incluye el corte, carga y retiro de sobrantes.
D52: PROCEDIMIENTO DE EJECUCIÓN
D53: • Determinar el tipo de herramientas a emplear.
D54: • Determinar el espesor del descapote.
D55: • La operación de descapote no se limitará a la solo remoción de la capa superficial, sino que incluirá además la extracción de todas las raíces, troncos y demás cuerpos que a concepto de la interventoría perjudiquen o estorbe el desarrollo de la construcción.
D56: • El manejo del material sobrante o no utilizable del descapote se hará de acuerdo a las indicaciones que proporcione el supervisor del contrato, conforme al Plan de Manejo Ambiental.
D57: • El material proveniente del descapote no podrá ser utilizado como material de relleno, su retiro se hará en volqueta fuera del terreno de la obra, el contratista será el responsable ante el Banco y las autoridades de la localidad por depositar basuras, escombros o tierras en sitios no permitidos y que sean causales de sanción, la ENTIDAD no se hará cargo en ningún caso de sanciones, multas y daños a terceros.
D58: • Cargar y retirar los sobrantes a botaderos debidamente autorizados.
B59: =VLOOKUP(ESPECIFICACIONES!D59,[1]ACTIV_EST!C:K,9,FALSE) -> 1.07. | C59: =VLOOKUP(ESPECIFICACIONES!D59,[1]ACTIV_EST!C:E,2,FALSE) -> M3 | D59: Explanación y Extendido
D60: Este trabajo consiste en el conjunto de las actividades de excavar, remover, cargar, transportar hasta el límite de acarreo libre, colocar y disponer en forma adecuada en los sitios de disposición o desecho, los materiales provenientes de los cortes requeridos para la explanación y excavación, canales y prestamos, indicados en los
D61: planos y secciones transversales del proyecto, con las modificaciones que ordene el Interventor. Comprende, además, la excavación y remoción de la capa vegetal o descapote y de otros materiales blandos, orgánicos y objetables, en las áreas donde se hayan de realizar las excavaciones de la explanación y terraplenes.
D62: Explanación en material común: El material común estará formado principalmente por suelos orgánicos, limos, arcillas, arenas, gravas, una combinación de los anteriores y, en general, por todos los suelos que se encuentren y que puedan excavarse con los equipos adecuados para movimientos de tierra aprobados por la interventoría sin necesidad del uso de perforaciones y explosivos. Estos suelos se podrán encontrar con distinto grado de densidad y humedad. También se considerarán como material común los bloques de roca aislados con volumen menor de un metro cúbico. Siempre que resulte posible, después de haber extendido y compactado una franja, la adyacente deberá ser extendida mientras el borde de la anterior aún se encuentre caliente y en condiciones de ser compactado, con el fin de evitar la ejecución de una junta longitudinal.
B63: =VLOOKUP(ESPECIFICACIONES!D63,[1]ACTIV_EST!C:K,9,FALSE) -> 1.08. | C63: =VLOOKUP(ESPECIFICACIONES!D63,[1]ACTIV_EST!C:E,2,FALSE) -> M3 | D63: Explanación y Retiro
D64: Este trabajo consiste en la ejecución de todo el movimiento de tierra necesario para adecuar un área a los niveles previstos para la ENTIDAD; el corte de materiales de préstamo cuando éstos sean necesarios, la evacuación de materiales inadecuados que se encuentran en las áreas sobre las cuales se va a intervenir, la disposición final de los materiales explanados y la conformación y compactación de las áreas donde se realizará la obra.
D65: Estos trabajos se ejecutarán de conformidad con los detalles mostrados en los planos o con las órdenes dadas por la supervisión, utilizando el equipo apropiado para ello.
D66: La secuencia de las operaciones y métodos empleados en la obra, serán tales que permitan la eficiente utilización de los materiales cortados para la elaboración de terraplenes o llenos de excavaciones. De los volúmenes de los cortes que hayan de utilizarse para la obra de terraplenes, se retirará la capa vegetal, las basuras, y cualquier otro material inadecuado.
B67: =VLOOKUP(ESPECIFICACIONES!D67,[1]ACTIV_EST!C:K,9,FALSE) -> 1.09. | C67: =VLOOKUP(ESPECIFICACIONES!D67,[1]ACTIV_EST!C:E,2,FALSE) -> M3 | D67: Relleno Material en Sitio
D68: Se refiere a la selección, transporte interno, disposición, conformación y compactación manual y mecánica por capas, de los Materiales autorizados por la supervisión para la realización del relleno de Zanjas y de excavaciones para Estructuras o también para la ejecución de terraplenes, entre otras, aprobadas por la Interventoría.
B69: =VLOOKUP(ESPECIFICACIONES!D69,[1]ACTIV_EST!C:K,9,FALSE) -> 1.10. | C69: =VLOOKUP(ESPECIFICACIONES!D69,[1]ACTIV_EST!C:E,2,FALSE) -> M2 | D69: Desmonte de Muros en ladrillo o bloque
D70: Este ítem se refiere al desmonte total o parcial de muros en ladrillo o bloque objeto de la intervención, lo cual será realizado por el contratista de manera manual o mecánica de acuerdo con las indicaciones del supervisor del contrato o en su defecto según los parámetros de la Policía Nacional o según normas técnicas para la materia. Incluye el retiro de material resultante y disposición de escombros que resultaren a lugar autorizado por la autoridad ambiental.
D71: ACTIVIDADES PREVIAS A CONSIDERAR PARA LA EJECUCIÓN DEL ÍTEM:
D72: • Consultar con el supervisor el sitio exacto a intervenir, definiendo las áreas objeto de la actividad; de lo contrario, las áreas que no se encuentren aprobadas dentro del plan de mantenimiento por el supervisor no se tendrán en cuenta para el pago y estarán por cuenta del contratista. Además, deberá ser reparada la zona afectada dejándola en las condiciones iniciales.
D73: • Revisión técnica de las redes hidráulicas, sanitarias, eléctricas, gas y otras que se encuentren en el área de intervención con el fin de tomar medidas de precaución antes del inicio de la intervención y así evitar daños a las mismas. Así mismo se deberá tener especial cuidado en la remoción de aquellos elementos que deben ser desmontados sin dañarlos tales como estructuras metálicas, techos, tanques, piezas sanitarias, puertas, ventanas, canaleta perimetral, vidrios, etc.
D74: • En el caso de que hayan construcciones vecinas que puedan ser afectadas, solicitar una inspección ocular, dejando el acta de vecindad correspondiente.
D75: • Revisión del tipo de técnica a utilizar para ejecutar la actividad descrita en el ítem, siempre conservando las medidas de seguridad y salud en el trabajo.
D76: PROCEDIMIENTO DE EJECUCIÓN
D77: • Consultar y verificar los elementos a desmontar.
D78: • Colocar protecciones adecuadas, avisos de peligro o vallas que impidan el tránsito, para aislar zonas de desmonte.
D79: • Desmontar las estructuras existentes de acuerdo con el plan de mantenimiento.
D80: • Retiro de escombros producto de la actividad.
D81: MEDIDA Y FORMA DE PAGO:
... D84: En caso de no conformidad con estas especificaciones, durante su ejecución o a su terminación, las obras se considerarán como mal ejecutadas. En este evento, el Contratista deberá reconstruirlas a su costo y sin que implique modificaciones y/o adiciones en el plazo y en el valor del contrato.
B85: =VLOOKUP(ESPECIFICACIONES!D85,[1]ACTIV_EST!C:K,9,FALSE) -> 1.11. | C85: =VLOOKUP(ESPECIFICACIONES!D85,[1]ACTIV_EST!C:E,2,FALSE) -> M2 | D85: Desmonte de Muros en sistema liviano incluye estructura metálica
D86: Este ítem se refiere al desmonte total o parcial del muros en sistema liviano objeto de la intervención incluyendo su estructura portante o de amarre, accesorios y aditamentos de soporte; lo cual será realizado por el contratista de manera manual o mecánica de acuerdo con las indicaciones del supervisor del contrato o en su defecto según los parámetros de la Policía Nacional o según normas técnicas para la materia. Dentro de esta actividad se debe tener especial cuidado en la remoción de elementos que deban ser desarmados y desmontados sin dañarlos. Incluye el retiro de material resultante y disposición de escombros que resultaren a lugar autorizado por la autoridad ambiental.
D87: ACTIVIDADES PREVIAS A CONSIDERAR PARA LA EJECUCIÓN DEL ÍTEM:
D88: • Consultar con el supervisor el sitio exacto a intervenir, definiendo los elementos objeto de la actividad; de lo contrario, los elementos que no se encuentren aprobados dentro del plan de mantenimiento por el supervisor no se tendrán en cuenta para el pago y estarán por cuenta del contratista. Además, deberán ser reinstalados dejándolos en las condiciones iniciales.
D89: • Revisión técnica de las redes hidráulicas, sanitarias, eléctricas, gas y otras que se encuentren en el área de intervención con el fin de tomar medidas de precaución antes del inicio de la intervención y así evitar daños a las mismas. Así mismo se deberá tener especial cuidado en la remoción de aquellos elementos que deben ser desmontados sin dañarlos tales como estructuras vecinas, tanques, piezas sanitarias, puertas, ventanas, canaleta perimetral, vidrios, etc.
D90: • Revisión del tipo de técnica a utilizar para ejecutar la actividad descrita en el ítem, siempre conservando las medidas de seguridad y salud en el trabajo.
D91: PROCEDIMIENTO DE EJECUCIÓN
D92: • Consultar y verificar los elementos a desmontar.
D93: • Colocar protecciones adecuadas, avisos de peligro o vallas que impidan el tránsito, para aislar zonas de desmonte.
D94: • Realizar el desmonte teniendo especial cuidado con aquellos elementos que deben ser desarmados o desmontados sin dañarlos.
D95: • Garantizar que no se presenten filtraciones y humedades durante el tiempo que se retire la cubierta que afecten zonas aledañas.
D96: • Guardar en un lugar seguro aquellos elementos que vayan a ser reutilizados con el fin de que no sufran daños.
D97: • Retiro de escombros producto de la actividad.
... D101: En caso de no conformidad con estas especificaciones, durante su ejecución o a su terminación, las obras se considerarán como mal ejecutadas. En este evento, el Contratista deberá reconstruirlas a su costo y sin que implique modificaciones y/o adiciones en el plazo y en el valor del contrato.
B102: =VLOOKUP(ESPECIFICACIONES!D102,[1]ACTIV_EST!C:K,9,FALSE) -> 1.12. | C102: =VLOOKUP(ESPECIFICACIONES!D102,[1]ACTIV_EST!C:E,2,FALSE) -> M2 | D102: Desmonte Placas Aligeradas
D103: Este ítem se refiere al desmonte total o parcial de las placas aligeradas objeto de la intervención, lo cual será realizado por el contratista de manera manual o mecánica de acuerdo con las indicaciones del supervisor del contrato o en su defecto según los parámetros de la Policía Nacional o según normas técnicas para la materia. Incluye el retiro de material resultante y disposición de escombros que resultaren a lugar autorizado por la autoridad ambiental.
D104: ACTIVIDADES PREVIAS A CONSIDERAR PARA LA EJECUCIÓN DEL ÍTEM:
D105: • Consultar con el supervisor el sitio exacto a intervenir, definiendo las áreas objeto de la actividad; de lo contrario, las áreas que no se encuentren aprobadas dentro del plan de mantenimiento por el supervisor no se tendrán en cuenta para el pago y estarán por cuenta del contratista. Además, deberá ser reparada la zona afectada dejándola en las condiciones iniciales.
D106: • Revisión técnica de las redes hidráulicas, sanitarias, eléctricas, gas y otras que se encuentren en el área de intervención con el fin de tomar medidas de precaución antes del inicio de la intervención y así evitar daños a las mismas. Así mismo se deberá tener especial cuidado en la remoción de aquellos elementos que deben ser desmontados sin dañarlos tales como estructuras metálicas, techos, tanques, piezas sanitarias, puertas, ventanas, canaleta perimetral, vidrios, etc.
...
